[Event "ICC tourney 2288 (45 10)"]
[Site "Internet Chess Club"]
[Date "2021.01.09"]
[Round "1"]
[White "abi2009"]
[Black "chesssky"]
[Result "0-1"]
[ICCResult "White resigns"]
[WhiteElo "1710"]
[BlackElo "1991"]
[Opening "Caro-Kann: advance variation"]
[ECO "B12"]
[NIC "CK.02"]
[Time "12:03:42"]
[PlyCount "94"]
[TimeControl "2700+10"]

1. e4 c6 2. d4 d5 3. e5 c5 4. c3 Nc6 5. Nf3 Bg4 6. Be2 e6 7. h3 Bxf3 8.
Bxf3 cxd4 9. cxd4 Qb6 10. Be3 Qxb2 11. Nd2 Bb4 12. Rb1 Bxd2+ 13. Bxd2 Qxd4
14. O-O Nge7 15. Rxb7 O-O 16. Qc2 Rfc8 17. Bc3 Qc5 18. Qd2 Ng6 19. Rc1 Na5
20. Rbb1 Nc4 21. Qd3 Qa3 22. Qc2 Ncxe5 23. Bb4 Nxf3+ 24. gxf3 Qa6 25. Qd2
Ne5 26. Kg2 Nc4 27. Qe2 Rc6 28. Rc2 Rac8 29. Rbc1 Ne3+ 30. fxe3 Qxe2+ 31.
Rxe2 Rxc1 32. a3 R8c2 33. Kf2 Rxe2+ 34. Kxe2 Rh1 35. Bc5 Rxh3 36. Bxa7 Rh2+
37. Kd3 h5 38. Bb8 Rb2 39. Bd6 h4 40. a4 Rb6 41. Bc7 h3 42. a5 Rc6 43. Bb8
Ra6 44. Ke2 Rxa5 45. Kf2 Ra2+ 46. Kg1 f6 47. Bg3 Rg2+ { White resigns } 0-1

[Event "ICC tourney 2288 (45 10)"]
[Site "Internet Chess Club"]
[Date "2021.01.09"]
[Round "1"]
[White "ab4gm"]
[Black "maxwellmassiah"]
[Result "0-1"]
[ICCResult "White checkmated"]
[WhiteElo "1122"]
[BlackElo "1738"]
[Opening "Sicilian: Hungarian variation"]
[ECO "B27"]
[NIC "SI.43"]
[Time "12:03:53"]
[PlyCount "108"]
[TimeControl "2700+10"]

1. e4 c5 2. Nf3 g6 3. Bc4 Nc6 4. Nc3 Bg7 5. d3 e6 6. Be3 b6 7. Bf4 d6 8.
O-O a6 9. a4 Nge7 10. Re1 O-O 11. Qd2 d5 12. exd5 exd5 13. Ba2 Bg4 14. Ne5
Nxe5 15. Bxe5 Be6 16. Bxg7 Kxg7 17. Ne2 Qd6 18. Nf4 Rad8 19. Nxe6+ fxe6 20.
Qc3+ Rf6 21. Re2 Nc6 22. Rae1 Nd4 23. Re3 Rdf8 24. Rf1 Qf4 25. Bb3 Qxe3 26.
Qe1 Qxe1 27. Rxe1 Rxf2 28. h3 Re2 29. Rf1 Rxf1+ 30. Kxf1 Rd2 31. Ke1 Nxb3
32. cxb3 Rxb2 33. g4 Kf6 34. h4 Ke5 35. g5 Kf4 36. Kd1 Ke3 37. Kc1 Rd2 38.
d4 Rxd4 39. h5 gxh5 40. g6 hxg6 41. b4 Rxb4 42. a5 bxa5 43. Kd1 a4 44. Kc1
a3 45. Kc2 c4 46. Kc3 Rb3+ 47. Kc2 d4 48. Kc1 Rc3+ 49. Kb1 a2+ 50. Kxa2 d3
51. Kb2 d2 52. Ka2 Ra3+ 53. Kb2 d1=Q 54. Kxa3 Qb3# { White checkmated } 0-1

[Event "ICC tourney 2288 (45 10)"]
[Site "Internet Chess Club"]
[Date "2021.01.09"]
[Round "1"]
[White "Nimzonick"]
[Black "MChessy"]
[Result "0-1"]
[ICCResult "White checkmated"]
[WhiteElo "1913"]
[BlackElo "1704"]
[Opening "QGD: Ragozin variation"]
[ECO "D38"]
[NIC "NI.27"]
[Time "12:03:48"]
[PlyCount "44"]
[TimeControl "2700+10"]

1. d4 Nf6 2. c4 e6 3. Nf3 d5 4. Nc3 Bb4 5. Qa4+ Nc6 6. e3 Bxc3+ 7. bxc3 O-O
8. Bd3 Re8 9. O-O e5 10. dxe5 Nxe5 11. Nxe5 Rxe5 12. cxd5 Nxd5 13. Qd4 Rg5
14. e4 Bh3 15. exd5 Rxg2+ 16. Kh1 Rg4 17. f4 Bg2+ 18. Kg1 Qh4 19. Bf5 Bf3+
20. Bxg4 Qxg4+ 21. Kf2 Qg2+ 22. Ke3 Qe2# { White checkmated } 0-1

[Event "ICC tourney 2288 (45 10)"]
[Site "Internet Chess Club"]
[Date "2021.01.09"]
[Round "1"]
[White "USChessNinja"]
[Black "sillytiger"]
[Result "1-0"]
[ICCResult "Black resigns"]
[WhiteElo "1761"]
[BlackElo "1432"]
[Opening "Sicilian: O'Kelly variation"]
[ECO "B28"]
[NIC "SI.43"]
[Time "12:03:50"]
[PlyCount "59"]
[TimeControl "2700+10"]

1. e4 c5 2. Nf3 a6 3. d4 cxd4 4. Nxd4 Nf6 5. Nc3 e5 6. Nb3 Bb4 7. Bd3 d6 8.
Bd2 Be6 9. Qe2 Nbd7 10. O-O-O O-O 11. h3 a5 12. a4 Bxc3 13. Bxc3 Bxb3 14.
cxb3 Nc5 15. Bc2 Qb6 16. Kb1 Nxb3 17. Bxb3 Qxb3 18. Rxd6 Qxa4 19. Re1 Rfe8
20. Rb6 Qd7 21. f3 Qc7 22. Qb5 Reb8 23. Bxe5 Qd8 24. Bxb8 Rxb8 25. Rxb7
Rxb7 26. Qxb7 Qd3+ 27. Ka2 Kf8 28. Rc1 Qd4 29. Rc8+ Ne8 30. Qb5 { Black
resigns } 1-0

[Event "ICC tourney 2288 (45 10)"]
[Site "Internet Chess Club"]
[Date "2021.01.09"]
[Round "1"]
[White "landonp"]
[Black "DanielA1926"]
[Result "0-1"]
[ICCResult "White resigns"]
[WhiteElo "1472"]
[BlackElo "1771"]
[Opening "Sicilian: Taimanov variation"]
[ECO "B49"]
[NIC "SI.39"]
[Time "12:03:44"]
[PlyCount "44"]
[TimeControl "2700+10"]

1. e4 c5 2. Nf3 e6 3. d4 cxd4 4. Nxd4 Nc6 5. Nc3 a6 6. Be2 Qc7 7. Be3 Bb4
8. Qd3 Nge7 9. O-O O-O 10. f4 Bxc3 11. Qxc3 d5 12. e5 Nf5 13. Nxf5 exf5 14.
Rf3 Rd8 15. Rd1 Be6 16. Rg3 d4 17. Bxd4 Rxd4 18. Rxd4 Qb6 19. Qa3 Qxd4+ 20.
Kh1 Qxf4 21. Re3 Rd8 22. Qc3 Rd1+ { White resigns } 0-1

[Event "ICC tourney 2288 (45 10)"]
[Site "Internet Chess Club"]
[Date "2021.01.09"]
[Round "1"]
[White "JudeNYC"]
[Black "aminsamani99"]
[Result "0-1"]
[ICCResult "White checkmated"]
[WhiteElo "1622"]
[BlackElo "1841"]
[Opening "Sicilian defense"]
[ECO "B20"]
[NIC "SI.48"]
[Time "12:03:47"]
[PlyCount "136"]
[TimeControl "2700+10"]

1. e4 c5 2. a3 g6 3. Nc3 Bg7 4. Bc4 Nc6 5. d3 Nf6 6. f4 d6 7. Nf3 Bg4 8.
O-O O-O 9. Be3 a6 10. a4 Nd7 11. h3 Bxf3 12. Qxf3 Nb4 13. Bb3 e6 14. f5 Ne5
15. Qe2 exf5 16. exf5 Nbc6 17. fxg6 hxg6 18. Qd2 Qh4 19. Ne4 Rad8 20. Bg5
Qh8 21. Nf6+ Bxf6 22. Bxf6 Qh5 23. Bxd8 Rxd8 24. Qf2 Rf8 25. Rae1 Nd4 26.
Rxe5 Qxe5 27. Bxf7+ Kg7 28. Re1 Rxf7 29. Rxe5 Rxf2 30. Kxf2 dxe5 31. c3 Nf5
32. g4 Nd6 33. Ke3 Kf6 34. d4 cxd4+ 35. cxd4 Nc4+ 36. Kd3 Nxb2+ 37. Kc3
Nxa4+ 38. Kb4 exd4 39. Kc4 Ke5 40. h4 Nc5 41. h5 gxh5 42. gxh5 Ne6 43. h6
Ng5 44. Kd3 b5 45. Kd2 a5 46. Kd3 a4 47. Kd2 Kf6 48. Kc2 Kg6 49. h7 Kxh7
50. Kd3 Ne6 51. Kc2 Kg6 52. Kb2 Kf5 53. Ka3 Ke4 54. Kb4 d3 55. Kxb5 a3 56.
Kb4 a2 57. Kc4 a1=Q 58. Kb5 Qb2+ 59. Kc6 Qc3+ 60. Kd6 Qd4+ 61. Kxe6 d2 62.
Kf7 Qe5 63. Kg6 Qf4 64. Kg7 Qf5 65. Kg8 Qd7 66. Kh8 d1=Q 67. Kg8 Q1g4+ 68.
Kh8 Qgg7# { White checkmated } 0-1

[Event "ICC tourney 2288 (45 10)"]
[Site "Internet Chess Club"]
[Date "2021.01.09"]
[Round "1"]
[White "Telos53"]
[Black "Pulsar42"]
[Result "1-0"]
[ICCResult "Black resigns"]
[WhiteElo "1819"]
[BlackElo "1550"]
[Opening "Queen's pawn game, Rubinstein (Colle-Zukertort) variation"]
[ECO "D02"]
[NIC "QP.08"]
[Time "12:03:50"]
[PlyCount "85"]
[TimeControl "2700+10"]

1. d4 d5 2. Nf3 e6 3. e3 c5 4. b3 Nf6 5. Bd3 Bd6 6. Nbd2 Nc6 7. a3 O-O 8.
Bb2 Re8 9. Ne5 Qc7 10. f4 Bd7 11. Qf3 a6 12. g4 b5 13. c3 c4 14. Bc2 a5 15.
g5 Ne4 16. Nxe4 dxe4 17. Qxe4 g6 18. Ng4 Kg7 19. Qf3 e5 20. fxe5 Bxg4 21.
Qxg4 Bf8 22. O-O Ne7 23. Qf3 Nc6 24. bxc4 bxc4 25. Ba4 Rec8 26. Bxc6 Qxc6
27. Qxf7+ Kh8 28. Qf6+ Bg7 29. Qxc6 Rxc6 30. a4 Rb8 31. Ba3 Rcb6 32. Bd6
R8b7 33. Bc5 Rb2 34. e6 Re2 35. e7 Rxe3 36. Rae1 Rbxe7 37. Bxe7 Rxc3 38.
Bf6 Kg8 39. Re8+ Kf7 40. Re7+ Kg8 41. Rxg7+ Kf8 42. Be5+ Ke8 43. Bd6 {
Black resigns } 1-0

[Event "ICC tourney 2288 (45 10)"]
[Site "Internet Chess Club"]
[Date "2021.01.09"]
[Round "1"]
[White "chesslin"]
[Black "Theutltl"]
[Result "1-0"]
[ICCResult "Black resigns"]
[WhiteElo "1765"]
[BlackElo "1468"]
[Opening "Queen's pawn: London system"]
[ECO "A45"]
[NIC "QP.07"]
[Time "12:03:49"]
[PlyCount "59"]
[TimeControl "2700+10"]

1. d4 Nf6 2. Bf4 g6 3. Nc3 Bg7 4. e4 d6 5. Qd2 O-O 6. O-O-O Re8 7. Bh6 Bh8
8. f3 a6 9. g4 b5 10. h4 Bd7 11. e5 b4 12. Nce2 Nd5 13. Nf4 Nxf4 14. Qxf4
Nc6 15. Bc4 e6 16. Re1 d5 17. Bg5 Ne7 18. Bd3 Bb5 19. h5 Bxd3 20. cxd3 Rc8
21. hxg6 Nxg6 22. Qd2 Qd7 23. Qh2 f6 24. exf6 c5 25. dxc5 Rxc5+ 26. Kb1
Rec8 27. Ne2 Rc2 28. Rc1 Rxc1+ 29. Rxc1 Rf8 30. Rc7 { Black resigns } 1-0

[Event "ICC tourney 2288 (45 10)"]
[Site "Internet Chess Club"]
[Date "2021.01.09"]
[Round "1"]
[White "NickManley1987"]
[Black "GrandWizard"]
[Result "1-0"]
[ICCResult "Black checkmated"]
[WhiteElo "1543"]
[BlackElo "1806"]
[Opening "French defense"]
[ECO "C01"]
[NIC "FR.01"]
[Time "12:03:57"]
[PlyCount "85"]
[TimeControl "2700+10"]

1. e4 e6 2. d4 f5 3. Nc3 g6 4. Nf3 c6 5. Bd3 d5 6. exd5 cxd5 7. O-O Nc6 8.
Re1 Nf6 9. Bf4 Bd6 10. Bxd6 Qxd6 11. Nb5 Qe7 12. Qe2 a6 13. Nc3 Ne4 14.
Rad1 Nxc3 15. bxc3 b5 16. Ne5 Na5 17. Qf3 Ra7 18. Qg3 O-O 19. h4 Nc4 20.
Nc6 Qc7 21. Nxa7 Qxa7 22. Bxc4 bxc4 23. Rb1 f4 24. Qf3 Qe7 25. Qxd5 f3 26.
g3 Rf5 27. Qe4 e5 28. dxe5 Qe6 29. g4 Rh5 30. Qxf3 Rxh4 31. Re4 g5 32. Qf6
Rxg4+ 33. Rxg4 Qxg4+ 34. Kf1 Qh3+ 35. Ke2 Qxc3 36. Qxg5+ Kf8 37. Qf6+ Ke8
38. Qh8+ Ke7 39. Qxh7+ Kd8 40. Rd1+ Ke8 41. Qg6+ Ke7 42. Qf6+ Ke8 43. Rd8#
{ Black checkmated } 1-0

[Event "ICC tourney 2288 (45 10)"]
[Site "Internet Chess Club"]
[Date "2021.01.09"]
[Round "1"]
[White "Fischeresque930"]
[Black "kgeisenman32"]
[Result "1/2-1/2"]
[ICCResult "Game drawn by mutual agreement"]
[WhiteElo "1776"]
[BlackElo "1522"]
[Opening "Sicilian: Nimzovich-Rossolimo attack (with ...g6, without ...d6)"]
[ECO "B31"]
[NIC "SI.31"]
[Time "12:03:37"]
[PlyCount "100"]
[TimeControl "2700+10"]

1. e4 c5 2. Nf3 Nc6 3. Bb5 g6 4. Bxc6 dxc6 5. h3 Bg7 6. d3 Nf6 7. O-O O-O
8. Nc3 Be6 9. Ng5 Bd7 10. f4 e6 11. g4 Qb6 12. Kg2 Rad8 13. Qe2 Rfe8 14. a3
Qc7 15. Be3 b6 16. Rae1 a5 17. Qf2 Rf8 18. Nf3 Ne8 19. Nh4 f5 20. gxf5 exf5
21. e5 Be6 22. Nf3 h6 23. Qg3 Kh7 24. Kh2 Rg8 25. Rg1 Bf8 26. Qh4 Be7 27.
Qf2 Bd5 28. Rd1 Ng7 29. Nxd5 cxd5 30. c3 Ne6 31. d4 c4 32. h4 h5 33. Rg2
Rg7 34. Rdg1 Rdg8 35. Bd2 a4 36. Be3 b5 37. Kh3 Qd7 38. Bc1 Nd8 39. Re1 Ne6
40. Rh2 Rh8 41. Nd2 Rd8 42. Qf3 Kg8 43. Nf1 Kf7 44. Ne3 Nc7 45. Rg2 Qe6 46.
Reg1 Rdg8 47. Bd2 Bd8 48. Be1 Be7 49. Rg3 Bd8 50. R3g2 Be7 { Game drawn by
mutual agreement } 1/2-1/2

[Event "ICC tourney 2288 (45 10)"]
[Site "Internet Chess Club"]
[Date "2021.01.09"]
[Round "1"]
[White "JeremyICC"]
[Black "jmwgroff"]
[Result "0-1"]
[ICCResult "White resigns"]
[WhiteElo "1650"]
[BlackElo "1894"]
[Opening "Queen's pawn: London system"]
[ECO "A45"]
[NIC "QP.07"]
[Time "12:03:50"]
[PlyCount "82"]
[TimeControl "2700+10"]

1. d4 Nf6 2. Bf4 d5 3. e3 c5 4. c3 Nc6 5. Nf3 Qb6 6. Qb3 c4 7. Qxb6 axb6 8.
Nbd2 Bf5 9. Ne5 e6 10. f3 b5 11. g4 Bc2 12. Rc1 Bg6 13. Nxg6 hxg6 14. a3
Be7 15. e4 dxe4 16. Nxe4 Nd5 17. Bg3 Kd7 18. Bg2 f5 19. Nc5+ Bxc5 20. dxc5
f4 21. Bf2 Na5 22. h4 Nb3 23. Rd1 Kc6 24. Bd4 Nxd4 25. cxd4 Ne3 26. Rd2
Rad8 27. Kf2 e5 28. d5+ Rxd5 29. Rxd5 Kxd5 30. Bf1 Nd1+ 31. Ke1 Nxb2 32.
Kd2 Kxc5 33. Kc2 Na4 34. h5 gxh5 35. Rxh5 Rxh5 36. gxh5 Nb6 37. Bh3 Nd5 38.
Bc8 b6 39. Bd7 Nf6 40. Bg4 e4 41. Kd2 Kd4 { White resigns } 0-1

[Event "ICC tourney 2288 (45 10)"]
[Site "Internet Chess Club"]
[Date "2021.01.09"]
[Round "1"]
[White "Hamlett144"]
[Black "rmauskopf24"]
[Result "1/2-1/2"]
[ICCResult "Game drawn by mutual agreement"]
[WhiteElo "1452"]
[BlackElo "1765"]
[Opening "Sicilian: Grand Prix attack"]
[ECO "B23"]
[NIC "SI.44"]
[Time "12:03:47"]
[PlyCount "127"]
[TimeControl "2700+10"]

1. e4 c5 2. Nc3 Nc6 3. f4 g6 4. Nf3 Bg7 5. Bb5 Nd4 6. Bd3 e6 7. O-O Ne7 8.
Kh1 d5 9. exd5 exd5 10. Nxd4 Bxd4 11. Bb5+ Bd7 12. Qf3 O-O 13. Bxd7 Qxd7
14. Ne2 Bg7 15. Ng3 Rfe8 16. c3 f5 17. d3 Nc6 18. Bd2 b5 19. Rae1 d4 20.
Ne2 Rad8 21. Nc1 c4 22. dxc4 bxc4 23. cxd4 Nxd4 24. Qf2 Nc2 25. Rxe8+ Rxe8
26. Bc3 Ne3 27. Re1 Nd1 28. Rxe8+ Qxe8 29. Qd2 Nxc3 30. bxc3 Qe4 31. Kg1
Bf8 32. Kf1 Ba3 33. Ne2 Qb1+ 34. Kf2 Bc5+ 35. Kg3 Qe4 36. Nd4 h5 37. Nf3
Qd3 38. Qe1 Be3 39. Ne5 Qe4 40. Qf1 h4+ 41. Kh3 Bxf4 42. Qxc4+ Qxc4 43.
Nxc4 g5 44. g3 hxg3 45. hxg3 Bc7 46. Ne3 f4 47. gxf4 Bxf4 48. Nd5 Be5 49.
c4 Kf7 50. Kg4 Ke6 51. Kxg5 Kd6 52. Kf5 Bd4 53. Ke4 Kc5 54. Ne3 Bxe3 55.
Kxe3 Kxc4 56. Kd2 Kb4 57. Kc2 Ka3 58. Kb1 a5 59. Ka1 Kb4 60. Kb2 a4 61. a3+
Kc4 62. Kc2 Kd4 63. Kd2 Kc4 64. Kc2 { Game drawn by mutual agreement }
1/2-1/2

[Event "ICC tourney 2288 (45 10)"]
[Site "Internet Chess Club"]
[Date "2021.01.09"]
[Round "1"]
[White "pianoboy"]
[Black "robbies"]
[Result "1/2-1/2"]
[ICCResult "Game drawn by mutual agreement"]
[WhiteElo "1849"]
[BlackElo "1641"]
[Opening "QGD Slav defense: exchange variation"]
[ECO "D10"]
[NIC "SL.01"]
[Time "12:03:40"]
[PlyCount "89"]
[TimeControl "2700+10"]

1. d4 d5 2. c4 c6 3. cxd5 cxd5 4. Nc3 Nf6 5. Bf4 Nc6 6. e3 a6 7. Bd3 Bg4 8.
f3 Bh5 9. Nge2 e6 10. O-O Be7 11. Bg3 Bg6 12. Bf2 O-O 13. Rc1 Rc8 14. Bxg6
hxg6 15. Kh1 b5 16. Qd3 Qa5 17. a3 b4 18. axb4 Nxb4 19. Qd2 Rc6 20. e4 dxe4
21. fxe4 Rfc8 22. Ra1 Qd8 23. Bg1 Nh5 24. Rf3 Bg5 25. Be3 Bxe3 26. Rxe3 Qg5
27. Rd3 Qxd2 28. Rxd2 Nf6 29. g3 Rc4 30. Ra4 Rb8 31. Kg2 Kf8 32. Kf3 g5 33.
g4 Rcc8 34. e5 Nfd5 35. Ne4 f6 36. exf6 gxf6 37. Nc5 Ke7 38. Nxa6 Nxa6 39.
Rxa6 Rb3+ 40. Kf2 Rc7 41. Ra3 Rb8 42. Nc3 Nf4 43. Ra2 Rh8 44. Kg1 Rh4 45.
Ne2 { Game drawn by mutual agreement } 1/2-1/2

[Event "ICC tourney 2288 (45 10)"]
[Site "Internet Chess Club"]
[Date "2021.01.09"]
[Round "1"]
[White "ved2006"]
[Black "elytito2017"]
[Result "1/2-1/2"]
[ICCResult "Game drawn by mutual agreement"]
[WhiteElo "1686"]
[BlackElo "1907"]
[Opening "Dutch"]
[ECO "A80"]
[NIC "HD.12"]
[Time "12:03:38"]
[PlyCount "125"]
[TimeControl "2700+10"]

1. d4 f5 2. Nf3 Nf6 3. e3 e6 4. c4 Bb4+ 5. Bd2 Be7 6. Nc3 d6 7. Bd3 Nc6 8.
e4 fxe4 9. Nxe4 O-O 10. O-O e5 11. d5 Nb8 12. Nxf6+ Bxf6 13. Qc2 h6 14. h3
Na6 15. Rab1 Nc5 16. Bg6 a5 17. Be3 b6 18. b3 Bg5 19. Nxg5 hxg5 20. Qd2 Qf6
21. Bc2 g4 22. Bg5 Qf7 23. h4 Bf5 24. f3 Qg6 25. Bxf5 Qxf5 26. Rbc1 gxf3
27. Rxf3 Qg4 28. Qe3 Rxf3 29. Qxf3 Qxf3 30. gxf3 a4 31. b4 Nd3 32. Rb1 Kf7
33. a3 Kg6 34. Kg2 Kf5 35. Rd1 Nf4+ 36. Bxf4 Kxf4 37. Re1 Rh8 38. Re4+ Kf5
39. Rg4 g6 40. Kg3 Rh5 41. Re4 g5 42. hxg5 Rxg5+ 43. Rg4 Rh5 44. c5 Rh1 45.
cxd6 cxd6 46. b5 Rb1 47. Rxa4 Rxb5 48. Rb4 Rxd5 49. Rxb6 Rd3 50. Kf2 d5 51.
a4 Ra3 52. Rb4 d4 53. Rb8 Ra2+ 54. Kg3 Rxa4 55. Rf8+ Ke6 56. Re8+ Kd5 57.
f4 e4 58. Re5+ Kc4 59. Rxe4 Kd3 60. Re8 Kc2 61. Rc8+ Kd2 62. Kf3 d3 63. f5
{ Game drawn by mutual agreement } 1/2-1/2

[Event "ICC tourney 2288 (45 10)"]
[Site "Internet Chess Club"]
[Date "2021.01.09"]
[Round "1"]
[White "AmyMGL"]
[Black "davidtxie"]
[Result "1-0"]
[ICCResult "Black resigns"]
[WhiteElo "1900"]
[BlackElo "1671"]
[Opening "French: Winawer, advance variation"]
[ECO "C18"]
[NIC "FR.11"]
[Time "12:03:38"]
[PlyCount "155"]
[TimeControl "2700+10"]

1. e4 e6 2. d4 d5 3. Nc3 Bb4 4. e5 c5 5. a3 Bxc3+ 6. bxc3 Nc6 7. Qg4 Nge7
8. Nf3 Qc7 9. Qxg7 Rg8 10. Qxh7 cxd4 11. Kd1 dxc3 12. g3 Bd7 13. h4 O-O-O
14. Bg5 Rdf8 15. Qd3 Qa5 16. Bf6 Qc5 17. Ng5 Qxf2 18. Qxc3 Nf5 19. Bd3 Qxg3
20. Kc1 Nd4 21. Kb2 Nf3 22. Rh3 Qg4 23. Rxf3 Rxg5 24. Raf1 Rh5 25. Qc5 Qd4+
26. Qxd4 Nxd4 27. Rg3 Nf5 28. Bxf5 exf5 29. Rf4 Be6 30. Rg5 Rxg5 31. Bxg5
Rh8 32. Bf6 Rh7 33. Kc3 Kd7 34. Kd4 Rh6 35. Rf2 Kc6 36. Rg2 Rg6 37. Bg5 Rg7
38. h5 Rh7 39. h6 b6 40. Bf4 Kd7 41. Rg3 Ke7 42. Bg5+ Kd7 43. Bf4 Ke7 44.
Rc3 Kd7 45. a4 Rh8 46. Bg5 Rh7 47. Rf3 a6 48. Rf1 Kc6 49. Rh1 Kd7 50. Bf6
Kc6 51. Bg7 b5 52. axb5+ Kxb5 53. Rb1+ Kc6 54. Rb8 f4 55. Rb2 Bf5 56. Ra2
Kb5 57. c3 a5 58. Rf2 Be6 59. Rxf4 Ka4 60. Kd3+ Kb3 61. Kd2 d4 62. cxd4 a4
63. Rf3+ Kb2 64. Ke3 a3 65. Ke4 Bb3 66. d5 a2 67. Rf1 Bc2+ 68. Kf4 Bb1 69.
e6+ Rxg7 70. hxg7 a1=Q 71. g8=Q Qa4+ 72. Kg5 Qe4 73. Qxf7 Qg2+ 74. Kh6 Qh3+
75. Kg7 Qh7+ 76. Kf8 Qh8+ 77. Ke7 Qh4+ 78. Qf6+ { Black resigns } 1-0

[Event "ICC tourney 2288 (45 10)"]
[Site "Internet Chess Club"]
[Date "2021.01.09"]
[Round "1"]
[White "ctforce3"]
[Black "Laine23"]
[Result "1/2-1/2"]
[ICCResult "Game drawn because neither player has mating material"]
[WhiteElo "1890"]
[BlackElo "1645"]
[Opening "Sicilian: Kan, 5.Nc3"]
[ECO "B43"]
[NIC "SI.41"]
[Time "12:04:22"]
[PlyCount "121"]
[TimeControl "2700+10"]

1. e4 c5 2. Nf3 e6 3. d4 cxd4 4. Nxd4 a6 5. Nc3 Qc7 6. Be2 Bb4 7. O-O Nf6
8. Qd3 h6 9. f4 d6 10. Qg3 Bxc3 11. bxc3 O-O 12. Bd3 Nbd7 13. f5 Qxc3 14.
Be3 Ne5 15. Ne2 Qb4 16. Bxh6 Nfg4 17. Bxg7 Kxg7 18. f6+ Kh7 19. h3 Rg8 20.
hxg4 Qc5+ 21. Kh1 Rg6 22. Nf4 Rh6+ 23. Nh3 Kg8 24. g5 Rh8 25. Qf2 Nxd3 26.
cxd3 Qxf2 27. Rxf2 e5 28. Kh2 Be6 29. Rc1 Kh7 30. Rc7 b5 31. Rfc2 Rhc8 32.
a3 Kg6 33. Kg3 Rxc7 34. Rxc7 a5 35. d4 b4 36. d5 Bxh3 37. gxh3 bxa3 38. h4
a2 39. Rc1 Kh5 40. Ra1 a4 41. Rxa2 a3 42. g6 Kxg6 43. Kg4 Kxf6 44. Rf2+ Kg7
45. Ra2 Kg6 46. h5+ Kh6 47. Kf5 Ra6 48. Kf6 Kxh5 49. Kxf7 Kg5 50. Ke6 Kf4
51. Rxa3 Rxa3 52. Kxd6 Kxe4 53. Ke6 Rd3 54. d6 Kf3 55. Kxe5 Kg4 56. Ke6 Kg5
57. d7 Re3+ 58. Kf7 Rd3 59. Ke7 Kf5 60. d8=Q Rxd8 61. Kxd8 { Game drawn
because neither player has mating material } 1/2-1/2

[Event "ICC tourney 2288 (45 10)"]
[Site "Internet Chess Club"]
[Date "2021.01.09"]
[Round "1"]
[White "LightSpeed"]
[Black "Daniel-Lee"]
[Result "1/2-1/2"]
[ICCResult "Game drawn by repetition"]
[WhiteElo "1643"]
[BlackElo "1877"]
[Opening "Ruy Lopez: closed, Chigorin defense"]
[ECO "C97"]
[NIC "RL.23"]
[Time "12:03:41"]
[PlyCount "204"]
[TimeControl "2700+10"]

1. e4 e5 2. Nf3 Nc6 3. Bb5 a6 4. Ba4 Nf6 5. O-O Be7 6. Re1 b5 7. Bb3 d6 8.
c3 O-O 9. h3 Na5 10. Bc2 c5 11. d4 Qc7 12. d5 Bd7 13. Nbd2 Rfe8 14. Nf1 Bf8
15. Bg5 Qd8 16. Ng3 h6 17. Bc1 g6 18. b3 Bg7 19. Rb1 Rc8 20. Be3 Kh7 21.
Qd2 c4 22. b4 Nb7 23. Ra1 a5 24. a3 Ra8 25. Kf1 Qc7 26. Kg1 Ra6 27. Qc1
Rea8 28. Qb2 g5 29. Kh2 g4 30. Nh4 Rg8 31. Nhf5 Bf8 32. Qc1 h5 33. Bh6 Qd8
34. h4 axb4 35. Bg5 Bxf5 36. exf5 b3 37. Nxh5 Be7 38. Bb1 Nc5 39. Qd2 e4
40. Bxf6 Bxf6 41. Bxe4 Be5+ 42. Kg1 Nxe4 43. Rxe4 Qxh4 44. Ng3 Rh8 45. Qe2
Rg8 46. Qd2 Rg7 47. Nf1 b4 48. Rxc4 bxc3 49. Qd3 Qf6 50. Ne3 Rg5 51. Nxg4
Qxf5 52. Nxe5 dxe5 53. Rh4+ Kg7 54. Qxa6 Rg6 55. Qb5 b2 56. Rf1 Qg5 57. Rh2
Qd2 58. Qb8 Kf6 59. Qd6+ Kf5 60. Rh5+ Ke4 61. Qxe5+ Kd3 62. Qf5+ Kc4 63.
Rh4+ Kb3 64. Qe4 Ra6 65. Qc4+ Kc2 66. Qxa6 b1=Q 67. Rxb1 Kxb1 68. Qf1+ Ka2
69. Re4 c2 70. Re1 Kxa3 71. d6 Qxd6 72. Qe2 Kb2 73. Qb5+ Kc3 74. Re3+ Kd2
75. Qe2+ Kc1 76. g4 Qd1+ 77. Kg2 Qd5+ 78. Kg3 Kb1 79. Rd3 Qc4 80. Rd1+ c1=Q
81. Rxc1+ Qxc1 82. Qb5+ Ka1 83. Qa4+ Kb2 84. Qb4+ Ka1 85. Qd4+ Kb1 86. Qb4+
Ka1 87. Qd4+ Kb1 88. f4 Qe1+ 89. Qf2 Qc3+ 90. Kh4 Qh8+ 91. Kg3 Qc3+ 92. Kh2
Qh8+ 93. Kg2 Qa8+ 94. Qf3 Qa2+ 95. Kg3 Qe6 96. f5 Qe5+ 97. Qf4 Qe1+ 98. Kf3
Qf1+ 99. Ke4 Qc4+ 100. Kf3 Qf1+ 101. Kg3 Qg1+ 102. Kf3 Qf1+ { Game drawn by
repetition } 1/2-1/2

[Event "ICC tourney 2288 (45 10)"]
[Site "Internet Chess Club"]
[Date "2021.01.09"]
[Round "2"]
[White "ab4gm"]
[Black "JudeNYC"]
[Result "0-1"]
[ICCResult "White checkmated"]
[WhiteElo "1122"]
[BlackElo "1622"]
[Opening "Caro-Kann defense"]
[ECO "B10"]
[NIC "CK.01"]
[Time "14:31:49"]
[PlyCount "88"]
[TimeControl "2700+10"]

1. e4 c6 2. Nf3 d5 3. exd5 cxd5 4. d4 Nc6 5. Bb5 Bg4 6. O-O Bxf3 7. Qxf3
Nf6 8. Bf4 e6 9. Qc3 Qb6 10. Bxc6+ bxc6 11. Nd2 Bb4 12. Qd3 O-O 13. c3 Be7
14. Nb3 a5 15. Nd2 Rfd8 16. Rab1 Bd6 17. Bg5 Be7 18. Nf3 Qc7 19. Ne5 c5 20.
dxc5 Qxe5 21. Be3 Qe4 22. Qd2 Qc4 23. b3 Qa6 24. Rfd1 Ne4 25. Qc2 Bxc5 26.
Bxc5 Nxc5 27. Rd4 Ne4 28. f3 Nf6 29. Rh4 Qb6+ 30. Kh1 Rac8 31. g4 Qe3 32.
Rg1 Qxf3+ 33. Rg2 Rxc3 34. Qb1 Rd3 35. g5 Rd1+ 36. Qxd1 Qxd1+ 37. Rg1 Qf3+
38. Rg2 Ne4 39. Rxe4 dxe4 40. h3 e3 41. Kh2 e2 42. Rg1 Rd1 43. Rxd1 Qf2+
44. Kh1 exd1=Q# { White checkmated } 0-1

[Event "ICC tourney 2288 (45 10)"]
[Site "Internet Chess Club"]
[Date "2021.01.09"]
[Round "2"]
[White "LightSpeed"]
[Black "Fischeresque930"]
[Result "1/2-1/2"]
[ICCResult "Game drawn by mutual agreement"]
[WhiteElo "1643"]
[BlackElo "1776"]
[Opening "Queen's pawn, Mason variation"]
[ECO "D00"]
[NIC "QP.08"]
[Time "14:31:45"]
[PlyCount "75"]
[TimeControl "2700+10"]

1. d4 d5 2. Bf4 c6 3. Nf3 Bf5 4. e3 Nd7 5. Be2 Ngf6 6. O-O e6 7. c3 Be7 8.
Nbd2 O-O 9. h3 h6 10. Ne5 Nxe5 11. Bxe5 Ne4 12. Nxe4 Bxe4 13. Bd3 Bxd3 14.
Qxd3 f6 15. Bg3 Bd6 16. Bxd6 Qxd6 17. e4 Rad8 18. f4 e5 19. fxe5 fxe5 20.
dxe5 Qxe5 21. Rxf8+ Kxf8 22. Rf1+ Kg8 23. exd5 Qxd5 24. Qxd5+ Rxd5 25. Rf2
g5 26. Kf1 Kg7 27. Ke2 h5 28. Ke3 a6 29. Rd2 Rxd2 30. Kxd2 Kf6 31. Ke3 Ke5
32. g4 hxg4 33. hxg4 c5 34. c4 b6 35. b3 Kd6 36. Ke4 Ke6 37. Kd3 Ke5 38.
Ke3 { Game drawn by mutual agreement } 1/2-1/2

[Event "ICC tourney 2288 (45 10)"]
[Site "Internet Chess Club"]
[Date "2021.01.09"]
[Round "2"]
[White "jmwgroff"]
[Black "USChessNinja"]
[Result "1-0"]
[ICCResult "Black checkmated"]
[WhiteElo "1894"]
[BlackElo "1761"]
[Opening "Grünfeld: exchange variation"]
[ECO "D85"]
[NIC "GI.03"]
[Time "14:31:42"]
[PlyCount "49"]
[TimeControl "2700+10"]

1. d4 Nf6 2. c4 g6 3. Nc3 d5 4. cxd5 Nxd5 5. Bd2 Bg7 6. e4 Nxc3 7. Bxc3 O-O
8. Qd2 Nc6 9. Nf3 Bg4 10. d5 Bxf3 11. Bxg7 Kxg7 12. Qc3+ Kg8 13. gxf3 Qd6
14. dxc6 bxc6 15. Rd1 Qe6 16. h4 Qxa2 17. Bc4 Qa4 18. b3 Qa3 19. h5 e6 20.
hxg6 fxg6 21. Bxe6+ Rf7 22. Bxf7+ Kxf7 23. Rxh7+ Ke8 24. Qxc6+ Kf8 25.
Qxa8# { Black checkmated } 1-0